General information
- name: BNet
- type: Ladder team game (AT/RT)
- host: Battle.net
- saver: ChrisTandoi
map: SilverpineForest
- players: 6
- length: 50:13
- speed: Fast
- version: 1.21 W3XP
- replay type: Public
» download(340 KB)
Players
team 1 (loser)

»
MindbeaT (
teal | 51 APM | 2483 actions | 49:06)
5 Archmage
3 Summon Water Elemental
2 Brilliance Aura
4 Firelord
2 Summon Lava Spawn
2 Incinerate
» actions
| Assign group hotkey | 40 | |
| Basic commands | 10 | |
| Build / train | 121 | |
| Enter build submenu | 28 | |
| Enter hero's abilities submenu | 9 | |
| Remove unit from queue | 15 | |
| Right click | 902 | |
| Select / deselect | 562 | |
| Select group hotkey | 711 | |
| Use ability | 85 | |
2483 total
» units
| Peasant | 23 | |
| Footman | 7 | |
| Sorceress | 2 | |
| Priest | 3 | |
| Knight | 9 | |
| Spell Breaker | 2 | |
| Mortar Team | 15 | |
| Siege Engine | 17 | |
78 total
» upgrades
| Lumber Harvesting | 1 | |
| Priest Training | 2 | |
| Sorceress Training | 2 | |
| Fragmentation Shards | 1 | |
| Barrage | 1 | |
| Plating | 3 | |
| Swords | 1 | |
| Gunpowder | 3 | |
| Magic Sentry | 1 | |
15 total
» buildings
| Altar of Kings | 1 | |
| Farm | 14 | |
| Barracks | 1 | |
| Keep | 1 | |
| Lumber Mill | 1 | |
| Town Hall | 1 | |
| Castle | 1 | |
| Arcane Sanctum | 2 | |
| Blacksmith | 1 | |
| Workshop | 2 | |
| Arcane Vault | 1 | |
26 total
» build order
00:20 Altar of Kings
00:35 Farm
00:54 Barracks
01:12 Farm
01:49 Farm
02:48 Farm
02:59 Keep
03:52 Farm
04:01 Lumber Mill
04:47 Town Hall
05:15 Farm
05:18 Farm
05:21 Castle
06:07 Farm
06:13 Arcane Sanctum
06:28 Arcane Sanctum
07:24 Farm
07:54 Blacksmith
09:50 Workshop
10:14 Farm
10:31 Arcane Vault
11:27 Farm
13:19 Farm
16:41 Farm
18:05 Farm
29:03 Workshop
40:47 Keep
PhysZon (
blue | 40 APM | 1965 actions | 49:10)
4 Shadow Hunter
2 Hex
2 Healing Wave
3 Tauren Chieftain
1 War Stomp
2 Endurance Aura
» actions
| Assign group hotkey | 28 | |
| Basic commands | 16 | |
| Build / train | 101 | |
| Enter build submenu | 59 | |
| Enter hero's abilities submenu | 8 | |
| Remove unit from queue | 3 | |
| Right click | 792 | |
| Select / deselect | 369 | |
| Select group hotkey | 481 | |
| Use ability | 108 | |
1965 total
» units
| Peon | 31 | |
| Grunt | 4 | |
| Shaman | 6 | |
| Demolisher | 15 | |
| Tauren | 5 | |
| Troll Batrider | 6 | |
| Wind Rider | 4 | |
| Troll Witch Doctor | 4 | |
75 total
» upgrades
| Armor | 1 | |
| Shaman Training | 2 | |
| Melee Weapons | 2 | |
| Witch Doctor Training | 2 | |
| Pillage | 1 | |
| Burning Oil | 1 | |
| Envenomed Spears | 1 | |
| Pulverize | 1 | |
11 total
» buildings
| Altar of Storms | 1 | |
| Barracks | 1 | |
| Orc Burrow | 13 | |
| War Mill | 1 | |
| Voodoo Lounge | 1 | |
| Stronghold | 1 | |
| Watch Tower | 21 | |
| Spirit Lodge | 1 | |
| Fortress | 1 | |
| Great Hall | 1 | |
| Tauren Totem | 2 | |
| Beastiary | 1 | |
45 total
» build order
00:14 Altar of Storms
00:17 Barracks
00:29 Orc Burrow
01:46 Orc Burrow
02:21 War Mill
03:32 Voodoo Lounge
03:48 Stronghold
04:48 Watch Tower
05:30 Watch Tower
06:02 Orc Burrow
06:24 Spirit Lodge
08:00 Orc Burrow
08:04 Fortress
10:04 Great Hall
13:05 Tauren Totem
13:20 Tauren Totem
14:17 Watch Tower
15:45 Orc Burrow
17:16 Orc Burrow
20:12 Beastiary
30:12 Orc Burrow
30:14 Orc Burrow
31:18 Orc Burrow
31:21 Orc Burrow
33:52 Watch Tower
33:56 Watch Tower
35:46 Watch Tower
35:59 Watch Tower
36:05 Watch Tower
36:14 Watch Tower
36:19 Watch Tower
36:23 Watch Tower
36:27 Watch Tower
36:32 Watch Tower
40:12 Watch Tower
40:14 Watch Tower
40:16 Watch Tower
40:17 Watch Tower
40:20 Watch Tower
40:23 Watch Tower
40:25 Watch Tower
40:37 Watch Tower
46:29 Orc Burrow
46:33 Orc Burrow
46:37 Orc Burrow
» items
Yosof (
pink | 48 APM | 2433 actions | 50:11)
3 Death Knight
2 Death Coil
1 Unholy Aura
1 Lich
1 Frost Nova
» actions
| Assign group hotkey | 14 | |
| Basic commands | 50 | |
| Build / train | 91 | |
| Enter build submenu | 33 | |
| Enter hero's abilities submenu | 4 | |
| Remove unit from queue | 5 | |
| Right click | 1624 | |
| Select / deselect | 513 | |
| Select group hotkey | 45 | |
| Use ability | 54 | |
2433 total
» units
| Acolyte | 16 | |
| Ghoul | 3 | |
| Crypt Fiend | 19 | |
| Necromancer | 1 | |
| Obsidian Statue | 2 | |
| Abomination | 4 | |
| Meatwagon | 6 | |
| Gargoyle | 8 | |
59 total
» upgrades
| Creature Attack | 3 | |
| Web | 1 | |
| Necromancer Training | 1 | |
| Unholy Armor | 1 | |
6 total
» buildings
| Graveyard | 1 | |
| Crypt | 2 | |
| Ziggurat | 14 | |
| Altar of Darkness | 1 | |
| Tomb of Relics | 1 | |
| Nerubian Tower | 4 | |
| Halls of the Dead | 1 | |
| Slaughterhouse | 2 | |
| Temple of the Damned | 1 | |
| Black Citadel | 1 | |
| Spirit Tower | 5 | |
| Sacrificial Pit | 1 | |
34 total
» build order
00:08 Graveyard
00:14 Crypt
00:32 Ziggurat
01:06 Altar of Darkness
01:35 Tomb of Relics
02:14 Ziggurat
02:51 Nerubian Tower
06:07 Halls of the Dead
08:51 Halls of the Dead
09:35 Ziggurat
10:13 Ziggurat
11:31 Slaughterhouse
11:36 Temple of the Damned
14:22 Ziggurat
14:59 Ziggurat
15:56 Black Citadel
18:29 Slaughterhouse
19:26 Ziggurat
19:27 Nerubian Tower
20:05 Ziggurat
29:54 Ziggurat
29:57 Ziggurat
30:00 Ziggurat
30:05 Ziggurat
32:07 Nerubian Tower
32:09 Spirit Tower
32:12 Spirit Tower
32:15 Nerubian Tower
34:00 Ziggurat
35:17 Spirit Tower
42:37 Crypt
42:46 Ziggurat
43:51 Sacrificial Pit
46:17 Spirit Tower
46:19 Spirit Tower
» items
| Dust of Appearance | 3 | |
| Rod of Necromancy | 1 | |
4 total
team 2 (winner)
ChrisTandoi (
green | 77 APM | 3889 actions | 50:13)
9 Blademaster
3 Wind Walk
3 Critical Strike
1 Bladestorm
2 Mirror Image
» actions
| Assign group hotkey | 208 | |
| Basic commands | 18 | |
| Build / train | 122 | |
| ESC pressed | 2 | |
| Enter build submenu | 77 | |
| Enter hero's abilities submenu | 9 | |
| Give item / drop item | 22 | |
| Remove unit from queue | 1 | |
| Right click | 2108 | |
| Select / deselect | 438 | |
| Select group hotkey | 553 | |
| Use ability | 330 | |
3889 total
» units
| Peon | 29 | |
| Troll Batrider | 10 | |
| Raider | 4 | |
| Shaman | 2 | |
| Troll Witch Doctor | 2 | |
| Spirit Walker | 2 | |
| Demolisher | 4 | |
| Goblin Zeppelin | 3 | |
56 total
» upgrades
| Spiked Barricades | 3 | |
| Reinforced Defenses | 1 | |
| Liquid Fire | 1 | |
| Ensnare | 1 | |
| Armor | 3 | |
| Melee Weapons | 3 | |
| Ranged Weapons | 3 | |
| Shaman Training | 2 | |
| Witch Doctor Training | 2 | |
| Spirit Walker Training | 2 | |
| Burning Oil | 1 | |
| Pillage | 1 | |
23 total
» buildings
| Altar of Storms | 1 | |
| Orc Burrow | 8 | |
| War Mill | 1 | |
| Watch Tower | 71 | |
| Stronghold | 2 | |
| Voodoo Lounge | 1 | |
| Great Hall | 2 | |
| Fortress | 3 | |
| Beastiary | 2 | |
| Spirit Lodge | 1 | |
| Barracks | 1 | |
93 total
» build order
00:03 Altar of Storms
00:17 Orc Burrow
00:35 War Mill
01:45 Orc Burrow
01:56 Watch Tower
02:26 Watch Tower
02:51 Watch Tower
02:54 Watch Tower
03:18 Watch Tower
03:49 Stronghold
04:01 Voodoo Lounge
04:06 Watch Tower
04:33 Watch Tower
04:56 Watch Tower
05:01 Watch Tower
05:26 Watch Tower
05:37 Watch Tower
06:25 Watch Tower
06:28 Watch Tower
06:31 Watch Tower
06:56 Great Hall
07:09 Watch Tower
07:15 Fortress
07:15 Fortress
07:22 Beastiary
07:39 Watch Tower
07:39 Watch Tower
07:45 Watch Tower
07:54 Beastiary
08:43 Watch Tower
08:44 Watch Tower
08:56 Watch Tower
09:08 Watch Tower
09:10 Watch Tower
09:11 Watch Tower
09:13 Watch Tower
09:14 Watch Tower
09:15 Watch Tower
09:17 Watch Tower
09:41 Great Hall
10:46 Watch Tower
10:47 Watch Tower
11:35 Watch Tower
12:05 Watch Tower
12:29 Orc Burrow
12:58 Watch Tower
12:58 Watch Tower
13:24 Watch Tower
13:25 Watch Tower
13:48 Watch Tower
14:57 Watch Tower
15:05 Watch Tower
15:06 Watch Tower
15:08 Watch Tower
15:08 Watch Tower
15:09 Watch Tower
15:47 Watch Tower
15:54 Watch Tower
15:55 Watch Tower
15:56 Watch Tower
15:58 Watch Tower
15:59 Watch Tower
16:00 Watch Tower
16:01 Watch Tower
16:01 Watch Tower
16:55 Watch Tower
16:55 Watch Tower
16:56 Watch Tower
18:21 Watch Tower
20:06 Watch Tower
20:07 Watch Tower
20:08 Watch Tower
20:09 Watch Tower
23:11 Watch Tower
23:12 Watch Tower
23:13 Watch Tower
26:23 Watch Tower
27:28 Watch Tower
27:29 Watch Tower
27:29 Watch Tower
27:30 Watch Tower
27:31 Watch Tower
27:31 Watch Tower
27:32 Watch Tower
34:29 Orc Burrow
34:30 Orc Burrow
34:31 Orc Burrow
34:33 Orc Burrow
34:36 Orc Burrow
34:46 Spirit Lodge
34:48 Barracks
» items
| Healing Salve | 4 | |
| Lesser Clarity Potion | 7 | |
| Orb of Lightning | 1 | |
| Claws of Attack +6 | 1 | |
| Sentry Wards | 1 | |
| Boots of Speed | 1 | |
| Staff of Teleportation | 1 | |
| Potion of Healing | 1 | |
| Potion of Mana | 1 | |
| Amulet of Spell Shield | 1 | |
| Medallion of Courage | 1 | |
| Claws of Attack +12 | 1 | |
21 total
GoblinGGchemist (
yellow | 83 APM | 4161 actions | 50:12)
5 Archmage
3 Blizzard
2 Brilliance Aura
4 Mountain King
2 Storm Bolt
2 Thunder Clap
4 Paladin
2 Holy Light
2 Divine Shield
» actions
| Assign group hotkey | 7 | |
| Basic commands | 4 | |
| Build / train | 133 | |
| ESC pressed | 7 | |
| Enter build submenu | 88 | |
| Enter hero's abilities submenu | 13 | |
| Give item / drop item | 2 | |
| Right click | 2465 | |
| Select / deselect | 770 | |
| Select group hotkey | 340 | |
| Use ability | 332 | |
4161 total
» units
» upgrades
| Masonry | 3 | |
| Magic Sentry | 1 | |
| Lumber Harvesting | 2 | |
6 total
» buildings
| Lumber Mill | 1 | |
| Altar of Kings | 1 | |
| Farm | 4 | |
| Scout Tower | 149 | |
| Guard Tower | 62 | |
| Arcane Vault | 2 | |
| Keep | 1 | |
| Arcane Sanctum | 1 | |
| Town Hall | 1 | |
| Castle | 1 | |
| Arcane Tower | 1 | |
224 total
» build order
00:07 Lumber Mill
00:23 Altar of Kings
00:34 Farm
01:04 Scout Tower
01:06 Scout Tower
01:16 Scout Tower
01:18 Scout Tower
01:33 Scout Tower
01:39 Scout Tower
01:43 Guard Tower
01:54 Farm
01:54 Guard Tower
01:57 Scout Tower
02:00 Scout Tower
02:01 Scout Tower
02:03 Scout Tower
02:06 Scout Tower
02:24 Guard Tower
02:35 Guard Tower
02:37 Farm
02:38 Scout Tower
02:39 Scout Tower
02:42 Guard Tower
03:24 Guard Tower
03:27 Farm
03:41 Guard Tower
03:56 Guard Tower
03:59 Scout Tower
04:12 Arcane Vault
04:29 Guard Tower
04:30 Scout Tower
04:33 Guard Tower
04:35 Arcane Vault
04:54 Keep
04:57 Scout Tower
04:58 Scout Tower
04:59 Scout Tower
05:01 Scout Tower
05:03 Scout Tower
05:04 Scout Tower
05:11 Scout Tower
05:13 Scout Tower
05:13 Scout Tower
05:14 Scout Tower
05:25 Scout Tower
05:50 Guard Tower
06:12 Scout Tower
06:13 Scout Tower
06:15 Scout Tower
06:16 Scout Tower
06:22 Scout Tower
06:23 Scout Tower
06:41 Scout Tower
06:42 Scout Tower
06:46 Guard Tower
07:18 Guard Tower
07:26 Guard Tower
07:27 Guard Tower
07:29 Scout Tower
07:30 Scout Tower
07:37 Guard Tower
08:02 Guard Tower
08:03 Guard Tower
08:05 Scout Tower
08:06 Scout Tower
08:07 Guard Tower
08:09 Scout Tower
08:09 Scout Tower
08:10 Scout Tower
08:11 Scout Tower
08:13 Scout Tower
08:13 Scout Tower
08:14 Scout Tower
08:15 Scout Tower
08:16 Scout Tower
08:16 Scout Tower
08:19 Scout Tower
08:20 Scout Tower
08:31 Guard Tower
08:51 Guard Tower
09:03 Guard Tower
09:05 Guard Tower
09:09 Scout Tower
09:10 Scout Tower
09:10 Guard Tower
09:30 Guard Tower
09:53 Guard Tower
09:54 Scout Tower
09:55 Scout Tower
09:56 Scout Tower
09:57 Scout Tower
09:58 Scout Tower
10:13 Guard Tower
10:34 Guard Tower
10:43 Guard Tower
10:46 Scout Tower
10:47 Scout Tower
10:48 Scout Tower
10:52 Guard Tower
11:15 Guard Tower
11:19 Guard Tower
11:23 Guard Tower
11:39 Arcane Sanctum
11:42 Guard Tower
11:45 Town Hall
11:46 Guard Tower
11:56 Guard Tower
12:47 Scout Tower
12:48 Scout Tower
12:50 Scout Tower
12:51 Scout Tower
12:52 Scout Tower
12:53 Scout Tower
12:54 Scout Tower
12:55 Scout Tower
12:56 Scout Tower
12:57 Scout Tower
12:58 Scout Tower
12:59 Scout Tower
13:00 Scout Tower
13:01 Scout Tower
13:02 Scout Tower
13:03 Scout Tower
13:43 Castle
13:47 Guard Tower
14:34 Guard Tower
14:54 Guard Tower
14:58 Scout Tower
14:59 Scout Tower
15:00 Scout Tower
15:01 Scout Tower
15:01 Scout Tower
15:19 Guard Tower
16:13 Guard Tower
16:29 Guard Tower
17:05 Guard Tower
17:16 Guard Tower
18:03 Guard Tower
18:11 Scout Tower
18:12 Scout Tower
18:12 Scout Tower
19:27 Guard Tower
19:28 Scout Tower
19:29 Scout Tower
19:31 Scout Tower
19:32 Scout Tower
19:56 Guard Tower
21:19 Guard Tower
21:32 Scout Tower
21:34 Scout Tower
21:37 Scout Tower
21:40 Scout Tower
21:43 Scout Tower
21:44 Scout Tower
21:45 Scout Tower
22:03 Scout Tower
22:05 Scout Tower
22:06 Scout Tower
22:07 Scout Tower
22:09 Scout Tower
22:10 Scout Tower
22:11 Scout Tower
22:12 Scout Tower
22:12 Scout Tower
22:13 Scout Tower
22:15 Scout Tower
22:16 Scout Tower
22:29 Guard Tower
23:00 Guard Tower
24:18 Guard Tower
25:24 Arcane Tower
28:26 Scout Tower
28:27 Scout Tower
28:29 Scout Tower
28:29 Scout Tower
28:30 Scout Tower
28:31 Scout Tower
28:31 Scout Tower
28:32 Scout Tower
28:33 Scout Tower
28:34 Scout Tower
28:35 Scout Tower
28:36 Scout Tower
28:37 Scout Tower
28:37 Scout Tower
28:39 Scout Tower
28:40 Scout Tower
28:40 Scout Tower
28:41 Scout Tower
28:42 Scout Tower
29:36 Guard Tower
31:11 Guard Tower
32:10 Guard Tower
32:22 Guard Tower
32:26 Scout Tower
32:27 Scout Tower
32:28 Scout Tower
32:29 Scout Tower
32:30 Scout Tower
32:30 Scout Tower
32:31 Scout Tower
32:33 Scout Tower
32:34 Scout Tower
32:34 Scout Tower
32:35 Scout Tower
32:36 Scout Tower
32:37 Scout Tower
32:39 Scout Tower
32:40 Scout Tower
32:52 Guard Tower
33:43 Guard Tower
34:11 Guard Tower
35:20 Guard Tower
37:16 Guard Tower
37:19 Guard Tower
49:35 Scout Tower
49:38 Scout Tower
49:39 Scout Tower
49:41 Scout Tower
49:47 Scout Tower
49:49 Scout Tower
49:50 Scout Tower
50:09 Guard Tower
50:10 Scout Tower
» items
| Scroll of Regeneration | 4 | |
| Scroll of Town Portal | 6 | |
| Potion of Healing | 7 | |
| Ivory Tower | 3 | |
| Staff of Sanctuary | 3 | |
| Lesser Clarity Potion | 1 | |
| Potion of Mana | 3 | |
| Warsong Battle Drums | 1 | |
| Gloves of Haste | 1 | |
| Amulet of Spell Shield | 1 | |
30 total
TowersInTheSky (
orange | 139 APM | 6965 actions | 50:12)
6 Warden
3 Shadow Strike
3 Blink
» actions
| Assign group hotkey | 1739 | |
| Basic commands | 41 | |
| Build / train | 110 | |
| Enter build submenu | 29 | |
| Enter hero's abilities submenu | 7 | |
| Give item / drop item | 9 | |
| Remove unit from queue | 2 | |
| Right click | 3852 | |
| Select / deselect | 652 | |
| Select group hotkey | 167 | |
| Use ability | 353 | |
6965 total
» units
| Wisp | 45 | |
| Goblin Zeppelin | 2 | |
| Hippogryph | 13 | |
| Chimaera | 4 | |
64 total
» upgrades
| Ultravision | 1 | |
| Nature's Blessing | 1 | |
| Well Spring | 1 | |
| Druid of the Talon Training | 2 | |
| Strength of the Wild | 3 | |
| Reinforced Hides | 3 | |
| Corrosive Breath | 1 | |
12 total
» buildings
| Altar of Elders | 1 | |
| Moon Well | 10 | |
| Tree of Life | 3 | |
| Tree of Ages | 2 | |
| Hunter's Hall | 1 | |
| Tree of Eternity | 3 | |
| Ancient of Wind | 3 | |
| Ancient of Wonders | 1 | |
| Chimaera Roost | 3 | |
27 total
» build order
00:03 Altar of Elders
00:16 Moon Well
01:05 Moon Well
03:35 Tree of Life
05:08 Moon Well
05:11 Moon Well
09:01 Tree of Ages
09:59 Moon Well
10:00 Moon Well
10:01 Moon Well
10:02 Moon Well
10:03 Moon Well
10:04 Moon Well
10:22 Hunter's Hall
11:28 Tree of Eternity
15:38 Tree of Life
17:09 Ancient of Wind
17:10 Ancient of Wind
19:46 Ancient of Wonders
30:03 Chimaera Roost
30:04 Chimaera Roost
30:05 Chimaera Roost
39:53 Ancient of Wind
43:58 Tree of Life
» items
| Scroll of Regeneration | 1 | |
| Potion of Healing | 1 | |
| Staff of Teleportation | 1 | |
| Boots of Speed | 1 | |
| Potion of Invisibility | 1 | |
| Medallion of Courage | 1 | |
| Talisman of Evasion | 1 | |
| Claws of Attack +12 | 1 | |
| Amulet of Spell Shield | 1 | |
| Ring of Protection +4 | 1 | |
| Orb of Venom | 1 | |
11 total
Chat log
(00:03 / Allies) GoblinGGchemist: fuck map
(00:06 / Allies) TowersInTheSky: great map
(00:09 / Allies) ChrisTandoi: immense map
(00:09 / Allies) GoblinGGchemist: :P
(00:10 / Allies) ChrisTandoi: shotgun
(00:17 / Allies) GoblinGGchemist: back to the future
(00:20 / Allies) TowersInTheSky: need someone to tower me though
(00:21 / Allies) GoblinGGchemist: man i heard it too often
(00:24 / Allies) ChrisTandoi: shotgun not towering mata
(00:42 / Allies) GoblinGGchemist: gotta eat something afterwars
(00:48 / Allies) TowersInTheSky: wanna send some workers
(00:49 / Allies) TowersInTheSky: to tower me?
(00:50 / Allies) GoblinGGchemist: or my mom freaks out
(00:55 / Allies) ChrisTandoi: i hope you realise you're towering mata pascal
(00:56 / Allies) GoblinGGchemist: i will
(01:02 / Allies) GoblinGGchemist: yes i am
(01:35 / Allies) ChrisTandoi: i'm a believer
(01:35 / Allies) GoblinGGchemist: wood
(02:08 / Allies) ChrisTandoi: BT - great trance musician or greatest trance musician?
(02:16 / Allies) GoblinGGchemist: bt?
(02:18 / Allies) TowersInTheSky: pretty bland
(02:21 / Allies) ChrisTandoi: fuck you so much
(02:31 / Allies) GoblinGGchemist: where?
(02:48 / Allies) TowersInTheSky: share
(02:51 / Allies) GoblinGGchemist: lol
(03:14 / Allies) GoblinGGchemist: nice
(03:22 / Allies) ChrisTandoi: big time noops
(03:22 / Allies) GoblinGGchemist: his ping seems good
(03:37 / Allies) GoblinGGchemist: bye
(03:38 / Allies) TowersInTheSky: his sh survived
(03:42 / Allies) GoblinGGchemist: not
(03:47 / Allies) GoblinGGchemist: :)
(03:48 / Allies) TowersInTheSky: it didnt?
(03:50 / Allies) GoblinGGchemist: i just killed
(03:51 / Allies) TowersInTheSky: i didnt getexp
(03:53 / Allies) GoblinGGchemist: tp and sh
(03:57 / Allies) TowersInTheSky: good
(04:03 / Allies) GoblinGGchemist: indeed
(04:07 / Allies) GoblinGGchemist: came out of human base
(04:19 / Allies) TowersInTheSky: go for the shop
(04:21 / Allies) TowersInTheSky: dont get surrounded
(04:24 / Allies) TowersInTheSky: wow what a noob
(04:43 / Allies) GoblinGGchemist: wood
(04:50 / Allies) ChrisTandoi: me too if you got spare
(04:54 / Allies) TowersInTheSky: hope he creeps it...
(05:07 / Allies) GoblinGGchemist: :)
(05:17 / Allies) TowersInTheSky: sweet
(05:31 / Allies) GoblinGGchemist: oops
(05:46 / Allies) TowersInTheSky: gay
(06:31 / Allies) GoblinGGchemist: damn
(06:33 / Allies) GoblinGGchemist: hackzor
(06:56 / Allies) GoblinGGchemist: not teching ud
(07:12 / Allies) GoblinGGchemist: not microing ud
(07:29 / Allies) TowersInTheSky: tower by goldmine etc
(08:41 / Allies) TowersInTheSky: upgrade
(09:51 / Allies) TowersInTheSky: upgrade
(10:02 / Allies) GoblinGGchemist: wood
(10:06 / Allies) ChrisTandoi: me too if you got
(10:13 / Allies) TowersInTheSky: not anymore
(10:16 / Allies) ChrisTandoi: np
(10:27 / Allies) TowersInTheSky: need a blade now
(10:29 / Allies) ChrisTandoi: coming
(10:51 / Allies) ChrisTandoi: did they c?
(11:02 / Allies) TowersInTheSky: they are ui think
(11:13 / Allies) TowersInTheSky: not yet then
(11:24 / Allies) TowersInTheSky: false alarm
(11:25 / Allies) TowersInTheSky: they noob
(11:53 / Allies) TowersInTheSky: orc is quick with hex
(12:01 / Allies) GoblinGGchemist: he tpd vs an attack
(12:03 / Allies) GoblinGGchemist: on 10 hp
(12:08 / Allies) GoblinGGchemist: good ping and reaction
(12:19 / Allies) TowersInTheSky: his allies are noob though so it's np
(13:16 / Allies) TowersInTheSky: isnt that main a little far
(13:48 / Allies) TowersInTheSky: swave or stomp tc?
(13:58 / Allies) GoblinGGchemist: didnt use anything
(14:00 / Allies) GoblinGGchemist: till now
(14:02 / Allies) GoblinGGchemist: no clue
(14:11 / Allies) ChrisTandoi: check big creeps
(14:15 / Allies) TowersInTheSky: i am
(14:17 / Allies) ChrisTandoi: cool
(14:22 / Allies) ChrisTandoi: i just mad kjilling worksers
(14:30 / Allies) TowersInTheSky: yeah you drawing their attention
(14:30 / Allies) ChrisTandoi: could use lum
(14:42 / Allies) TowersInTheSky: going around or creeping idunno
(15:21 / Allies) TowersInTheSky: creep these we need sentry wards
(15:24 / Allies) TowersInTheSky: damn
(16:16 / Allies) TowersInTheSky: check mid again
(16:20 / Allies) ChrisTandoi: omw
(16:20 / Allies) TowersInTheSky: ud might be on it
(16:42 / Allies) ChrisTandoi: nope not done
(17:14 / Allies) ChrisTandoi: they gotta have a shade or somethin
(17:20 / Allies) TowersInTheSky: we have truetowers
(17:22 / Allies) ChrisTandoi: oh nope just reveal dust
(17:36 / Allies) TowersInTheSky: get forty ups
(17:39 / Allies) ChrisTandoi: on their way
(17:40 / Allies) GoblinGGchemist: need lvl 3
(17:56 / Allies) TowersInTheSky: you can go creep something real quick i can hold them off
(18:04 / Allies) TowersInTheSky: that mb
(18:32 / Allies) ChrisTandoi: friends me m
(18:50 / Allies) ChrisTandoi: pendant
(19:00 / Allies) GoblinGGchemist: wood
(19:25 / Allies) GoblinGGchemist: almost 3
(19:36 / Allies) ChrisTandoi: almost 5
(19:51 / Allies) GoblinGGchemist: nice
(19:56 / Allies) ChrisTandoi: greed of the noob
(20:30 / Allies) ChrisTandoi: that's just how it goes at these rock & roll shows
(20:38 / Allies) TowersInTheSky: i love how they're attacking top
(20:42 / Allies) GoblinGGchemist: ya
(20:43 / Allies) TowersInTheSky: so they don't notice this little number
(20:57 / Allies) GoblinGGchemist: love how they suicide grunts
(21:03 / Allies) ChrisTandoi: we're not mountaineering right?
(21:08 / Allies) TowersInTheSky: i thought we were
(21:13 / Allies) ChrisTandoi: well
(21:19 / Allies) ChrisTandoi: i kinda wanna play some tf2 as well tonight
(21:23 / Allies) TowersInTheSky: nerd
(21:25 / Allies) TowersInTheSky: can you alt tab
(21:32 / Allies) ChrisTandoi: my bandwiiiiidth
(21:34 / Allies) ChrisTandoi: yeah i'll try
(21:53 / Allies) TowersInTheSky: about time
(22:30 / Allies) ChrisTandoi: whoops
(22:31 / Allies) ChrisTandoi: led sorry
(22:40 / Allies) TowersInTheSky: okay so we just want to win the game?
(22:54 / Allies) ChrisTandoi: goit the tome
(22:55 / Allies) ChrisTandoi: and pendant of mana
(23:05 / Allies) ChrisTandoi: toxp
(23:09 / Allies) TowersInTheSky: not good enough!!!!
(23:14 / Allies) TowersInTheSky: i'll jack the next item
(23:17 / Allies) TowersInTheSky: or try to
(23:17 / Allies) ChrisTandoi: ok i need to heal
(23:24 / Allies) TowersInTheSky: is cool my expo made money
(23:30 / Allies) TowersInTheSky: go defend that
(24:06 / Allies) TowersInTheSky: let it go
(24:14 / Allies) GoblinGGchemist: ye
(24:17 / Allies) TowersInTheSky: i got a lot of gold out of that mine
(24:19 / Allies) TowersInTheSky: is what matters
(24:25 / Allies) TowersInTheSky: bats
(24:29 / Allies) ChrisTandoi: my bats are already flying
(24:51 / Allies) TowersInTheSky: in sight of the expo too
(25:05 / Allies) TowersInTheSky: that's classy though
(25:10 / Allies) GoblinGGchemist: t.t
(25:11 / Allies) GoblinGGchemist: sorry
(26:06 / Allies) ChrisTandoi: SH has no mana
(26:44 / Allies) ChrisTandoi: heh thx
(26:49 / Allies) ChrisTandoi: split
(27:00 / Allies) TowersInTheSky: yo blinn
(27:02 / Allies) TowersInTheSky: claws +12
(27:04 / Allies) ChrisTandoi: toxp
(27:10 / Allies) TowersInTheSky: going for it
(27:13 / Allies) TowersInTheSky: claws there
(27:21 / Allies) GoblinGGchemist: unused lol
(27:34 / Allies) TowersInTheSky: also blinn you want gloves?
(27:38 / Allies) ChrisTandoi: nah i dropped em
(27:39 / Allies) ChrisTandoi: fer a reason
(27:49 / Allies) TowersInTheSky: a lot better than your medal
(27:56 / Allies) TowersInTheSky: i'll trade
(27:58 / Allies) ChrisTandoi: disagree total
(28:03 / Allies) TowersInTheSky: wth do you need str and int for
(28:08 / Allies) ChrisTandoi: health and wind walks
(28:09 / Allies) ChrisTandoi: whatever fine
(28:36 / Allies) TowersInTheSky: kill ogre lord
(28:39 / Allies) ChrisTandoi: ok
(29:00 / Allies) TowersInTheSky: tanks
(29:04 / Allies) ChrisTandoi: tanks for the memories
(29:19 / Allies) TowersInTheSky: steams to me we got a problem..
(29:22 / Allies) GoblinGGchemist: onwed
(30:17 / Allies) TowersInTheSky: got another +12 blinn
(30:20 / Allies) TowersInTheSky: come get asap
(30:22 / Allies) ChrisTandoi: i like my current setup
(30:26 / Allies) ChrisTandoi: what'll I swap out?
(30:29 / Allies) TowersInTheSky: whatever it is
(30:33 / Allies) TowersInTheSky: it's worse than 5 +12s
(30:34 / Allies) TowersInTheSky: and 1 orb
(30:41 / Allies) ChrisTandoi: suck my +12 dick
(30:43 / Allies) TowersInTheSky: pendant is pretty noob
(30:46 / Allies) ChrisTandoi: disagree
(31:41 / Allies) ChrisTandoi: why you playahating on pendants man having lots of mana rules
(31:55 / Allies) TowersInTheSky: when you deal 100 damage per hit you dont need mana
(32:08 / Allies) GoblinGGchemist: true
(32:18 / Allies) TowersInTheSky: about 450 on crits
(32:30 / Allies) ChrisTandoi: next to go are gloves, then staff
(32:32 / Allies) TowersInTheSky: bladestorming actually makes you deal less damage verall
(32:35 / Allies) ChrisTandoi: spell shield rules
(32:38 / Allies) TowersInTheSky: i already ditched the staff
(32:42 / Allies) TowersInTheSky: yeah spell shield is sweet esp vs hex
(33:01 / Allies) GoblinGGchemist: mine
(33:04 / Allies) GoblinGGchemist: need exp
(33:07 / Allies) GoblinGGchemist: b
(33:13 / Allies) ChrisTandoi: ill keep em busy
(33:22 / Allies) TowersInTheSky: good job on that
(33:27 / Allies) ChrisTandoi: ill try
(33:49 / Allies) TowersInTheSky: so you're sure we aren't mountaineering?
(33:52 / Allies) ChrisTandoi: well
(33:55 / Allies) ChrisTandoi: unless you REALLY want to
(34:01 / Allies) TowersInTheSky: you can even leave i guess?
(34:01 / Allies) GoblinGGchemist: would be good
(34:04 / Allies) TowersInTheSky: once we get it set up
(34:05 / Allies) ChrisTandoi: aight
(34:10 / Allies) ChrisTandoi: you get it set up then i'll scoot
(34:21 / Allies) ChrisTandoi: do you want me to go 100 food wyv
(34:31 / Allies) TowersInTheSky: make 4 catapults
(34:33 / Allies) TowersInTheSky: and put em in a zep
(34:41 / Allies) TowersInTheSky: make all master casters
(34:47 / Allies) TowersInTheSky: get 8 raider and put them in a zep too
(34:52 / Allies) ChrisTandoi: ok
(35:00 / Allies) ChrisTandoi: i'll get the research done now
(35:15 / Allies) TowersInTheSky: odds are they won't stay once we go topside
(35:17 / Allies) ChrisTandoi: then when my expo is out , i'll go 100
(36:04 / Allies) GoblinGGchemist: ulti?
(36:05 / Allies) TowersInTheSky: see that nova?
(36:16 / Allies) GoblinGGchemist: no
(36:29 / Allies) ChrisTandoi: ahhrhggh
(36:35 / Allies) TowersInTheSky: snooerson
(36:38 / Allies) TowersInTheSky: snooberson
(36:39 / Allies) TowersInTheSky: i mean
(36:48 / Allies) ChrisTandoi: i get pillage
(36:53 / Allies) ChrisTandoi: incase it comes down to you using my raiders
(36:54 / Allies) TowersInTheSky: sure
(36:55 / Allies) ChrisTandoi: idk
(37:19 / Allies) TowersInTheSky: level 5 warden with spellshield and 1000 hp
(37:21 / Allies) TowersInTheSky: not about to die
(37:24 / Allies) ChrisTandoi: ludicrous
(37:25 / Allies) GoblinGGchemist: ya
(37:31 / Allies) GoblinGGchemist: enough towers down here
(37:33 / Allies) GoblinGGchemist: i would say
(37:36 / Allies) TowersInTheSky: definitely
(37:42 / Allies) ChrisTandoi: defend
(37:44 / Allies) TowersInTheSky: doomhorn
(37:45 / Allies) TowersInTheSky: good for air
(37:58 / Allies) ChrisTandoi: get it on an aurabitch
(38:06 / Allies) TowersInTheSky: i dont wanna make one
(38:16 / Allies) TowersInTheSky: tanks
(38:20 / Allies) TowersInTheSky: would like a bladestorm
(38:24 / Allies) ChrisTandoi: get potm for trueshot
(38:26 / Allies) ChrisTandoi: BM just out
(38:44 / Allies) GoblinGGchemist: bye ud
(39:10 / Allies) GoblinGGchemist: coming
(39:19 / Allies) GoblinGGchemist: pretty gg
(40:02 / Allies) GoblinGGchemist: nice
(40:12 / Allies) TowersInTheSky: next time they attack they can have my base
(40:32 / Allies) GoblinGGchemist: 14k gold
(40:35 / Allies) GoblinGGchemist: mountainering
(40:35 / Allies) ChrisTandoi: 16k
(40:37 / Allies) TowersInTheSky: 24k
(40:51 / Allies) ChrisTandoi: no +12s?
(40:56 / Allies) TowersInTheSky: didnt see any
(40:58 / Allies) ChrisTandoi: dk
(41:07 / Allies) GoblinGGchemist: lol
(41:08 / Allies) ChrisTandoi: was trynna give you xp
(41:08 / Allies) GoblinGGchemist: gg
(41:10 / Allies) GoblinGGchemist: 3 tanks
(41:17 / Allies) TowersInTheSky: almost 6
(41:22 / Allies) GoblinGGchemist: retowering us
(41:25 / Allies) TowersInTheSky: don't
(41:26 / Allies) TowersInTheSky: tower my base
(41:38 / Allies) TowersInTheSky: they'll leave if they can't kill any of us
(41:47 / Allies) GoblinGGchemist: so what?
(41:54 / Allies) GoblinGGchemist: oh wait
(41:54 / Allies) TowersInTheSky: well
(41:57 / Allies) GoblinGGchemist: do it for the lulz
(41:58 / Allies) TowersInTheSky: i wanna mountaineer
(42:14 / Allies) GoblinGGchemist: you do it
(42:21 / Allies) GoblinGGchemist: i dont know how to exactly put them
(42:38 / Allies) GoblinGGchemist: lolz
(42:47 / Allies) ChrisTandoi: come kill tc
(42:52 / Allies) GoblinGGchemist: ya
(43:17 / Allies) ChrisTandoi: dont be too harsh
(43:23 / Allies) GoblinGGchemist: :P
(43:29 / Allies) ChrisTandoi: they will leave probably
(43:34 / Allies) TowersInTheSky: well whatever
(43:35 / Allies) ChrisTandoi: ok so
(43:36 / Allies) ChrisTandoi: 8 raiders
(43:37 / Allies) TowersInTheSky: they're pretty noob
(43:38 / Allies) ChrisTandoi: 4 cata
(43:40 / Allies) ChrisTandoi: what eles?
(43:43 / Allies) TowersInTheSky: 2 of each caster
(44:10 / Allies) GoblinGGchemist: ohh
(44:14 / Allies) GoblinGGchemist: too late t.t
(44:19 / Allies) GoblinGGchemist: "dont cook after 10
(44:25 / Allies) GoblinGGchemist: whatever
(44:32 / Allies) TowersInTheSky: harsh rules
(44:37 / Allies) GoblinGGchemist: "thought you meant greenwich time"
(44:50 / Allies) GoblinGGchemist: not really
(44:58 / Allies) ChrisTandoi: mathematics is the language of nature
(45:58 / Allies) ChrisTandoi: wow exactly 100 food sweet
(46:09 / Allies) TowersInTheSky: a lot of worker
(46:13 / Allies) ChrisTandoi: yes will get rid of
(47:33 / Allies) ChrisTandoi: 1 1 2 3 5 8 13 21 (all the time this amazing lead riff is building up in the background)
(47:41 / Allies) TowersInTheSky: fibonnacci?
(47:43 / Allies) ChrisTandoi: ya
(47:51 / Allies) ChrisTandoi: bt song called fibonnacci sequence
(47:59 / Allies) GoblinGGchemist: lol
(48:18 / Allies) TowersInTheSky: if only they'd attacked my base
(48:21 / Allies) TowersInTheSky: i'd have let them have it
(48:58 / All) MindbeaT: lol dont have the patience for this gg
(48:59 / All) GoblinGGchemist: WHATS BEEF
(49:01 / All) TowersInTheSky: gg
(49:07 / All) ChrisTandoi: lol noobs
(49:08 / Allies) TowersInTheSky: lets not mountaineer then
(49:09 / All) ChrisTandoi: lol 2ez
(49:19 / Allies) GoblinGGchemist: we cant
(49:21 / Allies) GoblinGGchemist: if they leave
(49:39 / Allies) ChrisTandoi: like they could win even with sufficient patience
(50:05 / Allies) TowersInTheSky: pink is stayer
(50:06 / Allies) TowersInTheSky: giong down to him